 Seeded DCSS version 0.28.0-47-ge53b351184 (webtiles) character file.

Game seed: 523019199727972820 (custom seed)

6381 thiscave3701365 the Cleaver (level 10, -7/132 HPs)
             Began as a Minotaur Berserker on May 9, 2022.
             Was a Priest of Trog.
             Mangled by an 11-headed hydra (9 damage)
             ... on level 9 of the Dungeon.
             The game lasted 00:09:22 (14647 turns).

thiscave3701365 the Cleaver (Minotaur Berserker)   Turns: 14647, Time: 00:09:23

Health: -7/132     AC: 20    Str: 26    XL:     10   Next: 65%
Magic:  9/9        EV:  4    Int:  4    God:    Trog [***...]
Gold:   484        SH: 15    Dex: 17    Spells: 9/9 levels left

rFire   . . .      SeeInvis .   r - +0 broad axe
rCold   x . .      Faith    .   D - +0 tower shield
rNeg    . . .      Spirit   .   C - +0 crystal plate armour
rPois   .          Reflect  .   (helmet restricted)
rElec   .          Harm     .   (no cloak)
rCorr   +          Rampage  .   (no gloves)
Will    +....                   (no boots)
Stlth   ..........              z - amulet of regeneration
HPRegen 1.12/turn               a - ring of Puhew {rC- Will+ rCorr Dex+7 Slay+4}
MPRegen 0.11/turn               (no ring)

@: berserking, very quick
A: horns 2, retaliatory headbutt
a: Renounce Religion, Berserk, Trog's Hand


You were on level 9 of the Dungeon.
You worshipped Trog.
Trog was most pleased with you.
You visited 1 branch of the dungeon, and saw 9 of its levels.

You collected 484 gold pieces.

Inventory:

Hand Weapons
 r - a +0 broad axe (weapon)
Missiles
 k - 2 throwing nets
Armour
 C - a +0 crystal plate armour (worn)
 D - a +0 tower shield (worn)
Jewellery
 a - the ring of Puhew (left hand) {rC- Will+ rCorr Dex+7 Slay+4}
   (You acquired it on level 8 of the Dungeon)

   [ring of slaying]

   Dex:       It affects your dexterity (+7).
   Slay:      It affects your accuracy & damage with ranged weapons and melee
   (+4).
   rC:        It makes you vulnerable to cold.
   rCorr:     It protects you from acid and corrosion.
   Will:      It increases your willpower.
 z - an amulet of regeneration (around neck)
Wands
 b - a wand of paralysis (9)
 s - a wand of polymorph (2)
 A - a wand of flame (23)
Scrolls
 c - a scroll of fog
 e - 3 scrolls of teleportation
 i - a scroll of immolation {unknown}
 j - 10 scrolls of identify
 n - 2 scrolls of blinking
 o - a scroll of vulnerability
 w - 2 scrolls of summoning
Potions
 d - 4 potions of curing
 f - 2 potions of berserk rage {unknown}
 g - a potion of resistance {unknown}
 h - 2 potions of cancellation {unknown}
 p - 3 potions of invisibility {unknown}
 q - 2 potions of might {unknown}
 t - a potion of heal wounds {unknown}
 v - a potion of lignification {unknown}
 x - a potion of mutation {unknown}


   Skills:
 + Level 8.0 Fighting
 + Level 12.8 Axes
 + Level 10.0 Armour
 + Level 5.0 Dodging
 + Level 2.8 Stealth
 + Level 5.6 Shields
 + Level 1.8 Unarmed Combat


You had 9 spell levels left.
You didn't know any spells.
Your spell library was empty.

Dungeon Overview and Level Annotations

Branches:
Dungeon (9/15)             Temple (0/1) D:4
   Lair: D:8-11         Orc: D:9-12

Altars:
Ashenzari
Nemelex Xobeh

Shops:
D:7 *

Annotations:
D:3 3 runed translucent doors, GigaChad's ghost, amateur MiBe


Innate Abilities, Weirdness & Mutations

You have a pair of horns on your head.
You reflexively headbutt those who attack you in melee.


Message History

The seven-headed hydra grows two more!
You slice the nine-headed hydra!! You headbutt the nine-headed hydra!
The nine-headed hydra is heavily wounded.
The nine-headed hydra bites you but does no damage.
You block the nine-headed hydra's attack.
The nine-headed hydra bites you but does no damage. x2
The nine-headed hydra bites you.
The nine-headed hydra bites you but does no damage. x2
The nine-headed hydra bites you.
The nine-headed hydra bites you but does no damage.
You chop one of the nine-headed hydra's heads off!
The eight-headed hydra grows two more!
You slice the ten-headed hydra!!
The ten-headed hydra is severely wounded.
The ten-headed hydra bites you but does no damage.
You block the ten-headed hydra's attack. x2
The ten-headed hydra bites you but does no damage.
The ten-headed hydra bites you!
* * * LOW HITPOINT WARNING * * *
You block the ten-headed hydra's attack.
The ten-headed hydra bites you but does no damage.
The ten-headed hydra bites you!
* * * LOW HITPOINT WARNING * * *
The ten-headed hydra bites you!
* * * LOW HITPOINT WARNING * * *
The ten-headed hydra bites you.
* * * LOW HITPOINT WARNING * * *
You slice one of the ten-headed hydra's heads off!
The nine-headed hydra grows two more!
You slash the 11-headed hydra!
The 11-headed hydra is severely wounded.
The 11-headed hydra bites you but does no damage.
You block the 11-headed hydra's attack.
The 11-headed hydra bites you but does no damage. x2
You block the 11-headed hydra's attack. x2; The 11-headed hydra bites you.
* * * LOW HITPOINT WARNING * * *
The 11-headed hydra bites you.
* * * LOW HITPOINT WARNING * * *
You block the 11-headed hydra's attack. The 11-headed hydra bites you.
* * * LOW HITPOINT WARNING * * *
The 11-headed hydra bites you!
You die...

#....#
#....#..#
#....#..#
#....#..##
#..#.#...#
#..#.#...#
#..#.#...#
#..#[#D..#
#..#.@...#
#....#####
#....#
#....#
#....#
#....#
#....#
#.##.# #.
#.#


You could see a 11-headed hydra.

Vanquished Creatures
  A hydra (D:8)
  A two-headed ogre (D:8)
  Grinder (D:5)
  9 yaks (D:8)
  A steam dragon (D:6)
  Menkaure (D:5)
  An acid dragon (D:9)
  3 orc warriors
  A black bear (D:8)
  A sky beast (D:7)
  A necrophage (D:6)
  4 ogres
  3 centaurs
  A phantom (D:4)
  2 kobold brigands
  A bullfrog (D:7)
  A wyvern zombie (D:6)
  4 scorpions
  A wyvern skeleton (D:6)
  5 killer bees (D:9)
  9 wights
  A howler monkey (D:4)
  A centaur zombie (D:6)
  5 orc priests
  2 gnoll shamans
  A jelly (D:6)
  3 hounds
  5 iguanas
  9 orc wizards
  Ijyb (D:4)
  A hound zombie (D:5)
  A hound skeleton (D:4)
  6 gnolls
  A howler monkey zombie (D:9)
  8 adders
  A white imp (D:7)
  An ufetubus (D:5)
  An adder skeleton (D:4)
  3 worms
  A dart slug (D:4)
  23 orcs
  12 endoplasms
  3 giant cockroaches
  4 goblins
  5 hobgoblins
  6 quokkas
  8 ball pythons
  6 bats
  A frilled lizard (D:1)
  15 kobolds
  8 rats
195 creatures vanquished.

Vanquished Creatures (others)
  13 plants (D:5)
13 creatures vanquished.

Grand Total: 208 creatures vanquished

Notes
Turn   | Place    | Note
-------+----------+-------------------------------------------
     0 | D:1      | thiscave3701365 the Minotaur Berserker began the quest for
                  | the Orb.
     0 | D:1      | Reached XP level 1. HP: 19/19 MP: 0/0
   222 | D:1      | Reached XP level 2. HP: 24/27 MP: 1/1
   320 | D:1      | Reached skill level 4 in Axes
   758 | D:1      | Found a faded altar of an unknown god.
  1220 | D:2      | Reached XP level 3. HP: 22/34 MP: 2/2
  1427 | D:2      | Found a broken altar of Ashenzari.
  1876 | D:2      | Reached ** piety under Trog
  2374 | D:3      | Reached XP level 4. HP: 37/41 MP: 3/3
  2689 | D:3      | Found a runed translucent gate.
  2707 | D:3      | Found a runed translucent gate.
  2707 | D:3      | Found a runed translucent gate.
  2741 | D:3      | Noticed GigaChad's ghost (amateur MiBe)
  3466 | D:4      | Noticed a phantom
  3468 | D:4      | Reached skill level 5 in Axes
  3468 | D:4      | Reached XP level 5. HP: 26/47 MP: 4/4
  3481 | D:4      | Reached skill level 1 in Stealth
  3481 | D:4      | Killed a phantom
  3482 | D:4      | Reached skill level 5 in Fighting
  3552 | D:4      | Reached skill level 6 in Axes
  3805 | D:4      | Reached XP level 6. HP: 45/56 MP: 5/5
  4179 | D:4      | Found a staircase to the Ecumenical Temple.
  4419 | D:4      | Noticed Ijyb
  4451 | D:4      | Killed Ijyb
  5364 | D:4      | Reached skill level 7 in Axes
  5364 | D:4      | Reached XP level 7. HP: 61/61 MP: 6/6
  5727 | D:5      | Entered Level 5 of the Dungeon
  5727 | D:5      | Noticed Menkaure
  7319 | D:4      | Reached skill level 1 in Unarmed Combat
  7786 | D:5      | Killed Menkaure
  8287 | D:5      | Noticed Grinder
  8296 | D:5      | Killed Grinder
  8297 | D:5      | Reached XP level 8. HP: 70/70 MP: 7/7
  8456 | D:5      | Reached skill level 8 in Axes
  8837 | D:5      | Reached skill level 5 in Armour
  9837 | D:6      | Reached skill level 9 in Axes
  9837 | D:6      | Reached skill level 5 in Dodging
 10816 | D:7      | Reached XP level 9. HP: 78/78 MP: 8/8
 11635 | D:7      | Reached skill level 10 in Axes
 11823 | D:7      | Found a sparkling altar of Nemelex Xobeh.
 11966 | D:7      | Found Poej's Elemental Accessories.
 12124 | D:8      | Noticed a two-headed ogre
 12135 | D:8      | Killed a two-headed ogre
 12310 | D:8      | Reached skill level 11 in Axes
 13281 | D:8      | Reached XP level 10. HP: 82/82 MP: 9/9
 13292 | D:8      | Reached *** piety under Trog
 13603 | D:8      | Noticed a seven-headed hydra
 13609 | D:8      | Killed a nine-headed hydra
 13610 | D:8      | Reached skill level 12 in Axes
 13610 | D:8      | Reached skill level 5 in Shields
 13915 | D:8      | Identified a scroll of acquirement
 13915 | D:8      | Acquired the ring of Puhew {rC- Will+ rCorr Dex+7 Slay+4}
 14302 | D:9      | Reached skill level 10 in Armour
 14639 | D:9      | Noticed a seven-headed hydra
 14647 | D:9      | HP: 5/132 [11-headed hydra (4)]
 14647 | D:9      | HP: 2/132 [11-headed hydra (3)]
 14647 | D:9      | Mangled by an 11-headed hydra

Illustrated notes

Levels and vault maps discovered:
D:1:      minmay_arrival_floating_metal, layout_loops_corners,
          shapermc_ecumenical_altar_notcrosses, minivault_11
D:2:      layout_basic, basic_altar
D:3:      layout_basic, gammafunk_ghost_icy
D:4:      minmay_chambers_of_twos, layout_loops_cross,
          minmay_temple_entry_fiery, minmay_fractal_squares_5, uniq_ijyb
D:5:      layout_rooms, serial_bayou_lagoon_a, uniq_grinder, uniq_menkaure
D:6:      layout_loops_ring, grunt_decor_fettered, kennysheep_small_circle
D:7:      layout_loops_ring, mainiacjoe_overflow_small_starburst,
          nicolae_elemental_shop
D:8:      layout_rooms
D:9:      layout_stronghold, ebering_ghost_reflecting_pool

Skill      XL: |  1  2  3  4  5  6  7  8  9 10 |
---------------+-------------------------------+-----
Fighting       | 4 5 6 7 8 |  8.0
Axes           | 4 5 6 7 9 11 12 | 12.8
Dodging        | 3 4 5 |  5.0
Stealth        | 1 2 |  2.8
Armour         | 4 7 9 10 | 10.0
Unarmed Combat | 1 |  1.8
Shields        | 4 5 |  5.6

Action                   |  1- 3 |  4- 6 |  7- 9 | 10-12 || total
-------------------------+-------+-------+-------+-------++-------
Melee: Hand axe          |    64 |   117 |   237 |       ||   418
       Headbutt          |     5 |    18 |    57 |    13 ||    93
       Punch             |       |     2 |     3 |       ||     5
       Unarmed           |       |    28 |       |       ||    28
       Broad axe         |       |       |    30 |    47 ||    77
Invok: Berserk           |     1 |     8 |    23 |     5 ||    37
  Use: Scroll            |       |       |       |    11 ||    11
 Stab: Sleeping          |     1 |     1 |       |       ||     2
Armor: Animal skin       |     8 |    14 |       |       ||    22
       Chain mail        |       |       |    45 |       ||    45
       Crystal plate arm |       |       |   126 |    58 ||   184
Dodge: Dodged            |    41 |    85 |    64 |     5 ||   195
Block: Tower shield      |       |       |   108 |    55 ||   163
